ORI
UNIVERSITY OF MAINE BLACK BEARS @ UNIVERSITY OF FLORIDA GATORS
11/24/2048
 
TOP OF THE 1ST
California State University at Fullerton Titans batting - Pitching for University of Virginia Cavaliers : RHP Jonathan Bolton
Pitching: RHP Jonathan Bolton
Batting: LHB Edwin Esparza 0-0: Called Strike
0-1: Foul Ball, location: 2F
0-2: Ball
1-2: Ball
2-2: Foul Ball, location: 2F
2-2: Ground out 3-1 (Groundball, 34, EV 106.2 MPH)
Batting: RHB Zach Warwick 0-0: Ball
1-0: SINGLE (Line Drive, 78S, EV 106.9 MPH)
Batting: LHB Jim Snell 0-0: Ball
1-0: Ball
Zach Warwick steals 2nd base (no throw)
2-0: Called Strike
2-1: Foul Ball, location: 2F
2-2: Fly out, F7 (Flyball, 7S, EV 71.9 MPH)
Batting: LHB Mike Fernandez 0-0: Called Strike
0-1: Ball
1-1: Fly out, F8 (Flyball, 8RD, EV 88.1 MPH)
Top of the 1st over - 0 runs, 1 hit, 0 errors, 1 left on base; California State University at Fullerton 0 - University of Virginia 0
BOTTOM OF THE 1ST
University of Virginia Cavaliers batting - Pitching for California State University at Fullerton Titans : RHP T.J. Keenan
Pitching: RHP T.J. Keenan
Batting: RHB Luke Bertrand 0-0: SINGLE (Groundball, 56, EV 106.2 MPH) (infield hit)
Batting: RHB Jose Velez 0-0: Ball
1-0: Foul Ball, location: 2F
1-1: Grounds out, U3 (Groundball, 3L, EV 103.8 MPH)
Batting: LHB Alex Aguilar 0-0: Called Strike
0-1: Foul Ball, location: 2F
0-2: Ball
1-2: Strikes out swinging
Batting: LHB Ray Nichter 0-0: Foul Ball, location: 2F
0-1: Ball
1-1: Foul Ball, location: 2F
1-2: Strikes out swinging
Bottom of the 1st over - 0 runs, 1 hit, 0 errors, 1 left on base; California State University at Fullerton 0 - University of Virginia 0
TOP OF THE 2ND
California State University at Fullerton Titans batting - Pitching for University of Virginia Cavaliers : RHP Jonathan Bolton
Batting: RHB Simon Sultzbach 0-0: Ball
1-0: Swinging Strike
1-1: Foul Ball, location: 2F
1-2: Reached on error, E4 (Groundball, 4S, EV 68.8 MPH)
Batting: LHB Alberto Aguilar 0-0: Foul Ball, location: 2F
0-1: Foul Ball, location: 2F
0-2: Ball
1-2: Foul Ball, location: 2F
1-2: SINGLE (Groundball, 6D, EV 100.6 MPH)
Simon Sultzbach to third
Runner from 3rd tries for Home, throw by CF and OUT! 8-2
Batting: RHB Justin Thomas 0-0: Called Strike
0-1: SINGLE (Flyball, 9LM, EV 98.8 MPH)
Alberto Aguilar to second
Batting: LHB John Blumberg 0-0: Ball
1-0: Ball
2-0: Ball
3-0: Base on Balls
Alberto Aguilar to third
Justin Thomas to second
Batting: RHB Alex Freyre 0-0: Swinging Strike
0-1: Called Strike
0-2: Foul Ball, location: 2F
0-2: Foul Ball, location: 2F
0-2: Ball
1-2: Ball
2-2: Foul Ball, location: 2F
2-2: Fly out, F8 (Flyball, 89M, EV 90.0 MPH)
Runner from 3rd tags up, SCORES, throw by CF
Batting: LHB Edwin Esparza 0-0: Ball
1-0: Swinging Strike
1-1: Called Strike
1-2: Strikes out looking
Top of the 2nd over - 1 run, 2 hits, 1 error, 2 left on base; California State University at Fullerton 1 - University of Virginia 0
BOTTOM OF THE 2ND
University of Virginia Cavaliers batting - Pitching for California State University at Fullerton Titans : RHP T.J. Keenan
Batting: RHB Jason Lambert 0-0: Called Strike
0-1: Ball
1-1: Ball
2-1: Ball
3-1: Foul Ball, location: 2F
3-2: DOUBLE (Flyball, 8LXD, EV 103.1 MPH)
Batting: LHB Josh Glass 0-0: Ball
Wild Pitch!
Jason Lambert to third
1-0: Foul Ball, location: 2F
1-1: Foul Ball, location: 2F
1-2: Ball
2-2: Strikes out swinging
Batting: SHB Tim Lloyd 0-0: Ball
1-0: Ball
2-0: Ball
3-0: Base on Balls
Batting: RHB Allen McCaskill 0-0: Ball
1-0: Called Strike
Tim Lloyd steals 2nd base
1-1: Ground out 4-3 (Groundball, 4, EV 88.8 MPH)
Jason Lambert scores
Tim Lloyd to third
Batting: SHB Ethan Lewis 0-0: Called Strike
0-1: Ball
1-1: Ball
2-1: Swinging Strike
2-2: Foul Ball, location: 2F
2-2: Ball
3-2: Strikes out swinging
Bottom of the 2nd over - 1 run, 1 hit, 0 errors, 1 left on base; California State University at Fullerton 1 - University of Virginia 1
TOP OF THE 3RD
California State University at Fullerton Titans batting - Pitching for University of Virginia Cavaliers : RHP Jonathan Bolton
Batting: RHB Zach Warwick 0-0: Swinging Strike
0-1: Fly out, F9 (Flyball, 89D, EV 110.0 MPH)
Batting: LHB Jim Snell 0-0: Ball
1-0: Fly out, F4 (Popup, 4D, EV 60.6 MPH)
Batting: LHB Mike Fernandez 0-0: Ball
1-0: Called Strike
1-1: Ball
2-1: Ball
3-1: Swinging Strike
3-2: Fly out, F8 (Flyball, 8RD, EV 95.6 MPH)
Top of the 3rd over - 0 runs, 0 hits, 0 errors, 0 left on base; California State University at Fullerton 1 - University of Virginia 1
BOTTOM OF THE 3RD
University of Virginia Cavaliers batting - Pitching for California State University at Fullerton Titans : RHP T.J. Keenan
Batting: RHB Luke Bertrand 0-0: Ball
1-0: Ball
2-0: Ground out 5-3 (Groundball, 56, EV 88.8 MPH)
Batting: RHB Jose Velez 0-0: Ball
1-0: Called Strike
1-1: DOUBLE (Line Drive, 89M, EV 108.1 MPH)
Batting: LHB Alex Aguilar 0-0: Ball
1-0: Foul Ball, location: 2F
1-1: Foul Ball, location: 2F
1-2: Foul Ball, location: 2F
1-2: Ball
2-2: 2-RUN HOME RUN (Line Drive, 89XD, EV 106.9 MPH), Distance : 416 ft
Batting: LHB Ray Nichter 0-0: Foul Ball, location: 2F
0-1: Ground out 4-3 (Groundball, 4, EV 88.1 MPH)
Batting: RHB Jason Lambert 0-0: Ball
1-0: Foul Ball, location: 2F
1-1: Ball
2-1: Foul Ball, location: 2F
2-2: Foul Ball, location: 2F
2-2: Foul Ball, location: 2F
2-2: Ball
3-2: Foul Ball, location: 2F
3-2: Base on Balls
Batting: LHB Josh Glass 0-0: Ball
1-0: Ball
2-0: Called Strike
2-1: Ball
3-1: Called Strike
3-2: Fly out, F6 (Popup, 6M, EV 73.1 MPH)
Bottom of the 3rd over - 2 runs, 2 hits, 0 errors, 1 left on base; California State University at Fullerton 1 - University of Virginia 3
TOP OF THE 4TH
California State University at Fullerton Titans batting - Pitching for University of Virginia Cavaliers : RHP Jonathan Bolton
Batting: RHB Simon Sultzbach 0-0: Ball
1-0: Ball
2-0: Ball
3-0: Called Strike
3-1: SINGLE (Groundball, 56D, EV 95.0 MPH)
Batting: LHB Alberto Aguilar 0-0: Ball
1-0: Called Strike
1-1: Foul Ball, location: 2F
1-2: Grounds into double play, 5-4-3 (Groundball, 5, EV 90.6 MPH)
Batting: RHB Justin Thomas 0-0: Swinging Strike
0-1: Ball
1-1: Swinging Strike
1-2: Foul Ball, location: 2F
1-2: Fly out, F9 (Flyball, 9D, EV 96.9 MPH)
Top of the 4th over - 0 runs, 1 hit, 0 errors, 0 left on base; California State University at Fullerton 1 - University of Virginia 3
BOTTOM OF THE 4TH
University of Virginia Cavaliers batting - Pitching for California State University at Fullerton Titans : RHP T.J. Keenan
Batting: SHB Tim Lloyd 0-0: Ball
1-0: Foul Ball, location: 2F
1-1: Ball
2-1: Ball
3-1: Base on Balls
Batting: RHB Allen McCaskill 0-0: Ball
1-0: Fielders Choice at 2nd, 5-4 (Groundball, 5L, EV 82.5 MPH)
Batting: SHB Ethan Lewis 0-0: Ball
1-0: Ball
2-0: Called Strike
2-1: Swinging Strike
2-2: Grounds into double play, 4-6-3 (Groundball, 4, EV 105.0 MPH)
Bottom of the 4th over - 0 runs, 0 hits, 0 errors, 0 left on base; California State University at Fullerton 1 - University of Virginia 3
TOP OF THE 5TH
California State University at Fullerton Titans batting - Pitching for University of Virginia Cavaliers : RHP Jonathan Bolton
Batting: LHB John Blumberg 0-0: Swinging Strike
0-1: Ball
1-1: Called Strike
1-2: Foul Ball, location: 2F
1-2: Strikes out swinging, 2-3 out at first.
Batting: RHB Alex Freyre 0-0: Ball
1-0: Ground out U3 (Groundball, 3S, EV 74.4 MPH)
Batting: LHB Edwin Esparza 0-0: Foul Ball, location: 2F
0-1: Ball
1-1: Swinging Strike
1-2: Ball
2-2: Strikes out looking
Top of the 5th over - 0 runs, 0 hits, 0 errors, 0 left on base; California State University at Fullerton 1 - University of Virginia 3
BOTTOM OF THE 5TH
University of Virginia Cavaliers batting - Pitching for California State University at Fullerton Titans : RHP T.J. Keenan
Pitching: RHP Jordan Vasquez
Batting: RHB Luke Bertrand 0-0: Foul Ball, location: 2F
0-1: Ground out 3-1 (Groundball, 13, EV 79.4 MPH)
Batting: RHB Jose Velez 0-0: Called Strike
0-1: Ball
1-1: Foul Ball, location: 2F
1-2: Reached on error, E5 (Groundball, 5, EV 85.0 MPH)
Batting: LHB Alex Aguilar 0-0: Ground out 4-3 (Groundball, 4, EV 101.2 MPH)
Jose Velez to third
Batting: LHB Ray Nichter 0-0: Called Strike
0-1: Ball
1-1: Swinging Strike
1-2: Strikes out looking
Bottom of the 5th over - 0 runs, 0 hits, 1 error, 1 left on base; California State University at Fullerton 1 - University of Virginia 3
TOP OF THE 6TH
California State University at Fullerton Titans batting - Pitching for University of Virginia Cavaliers : RHP Jonathan Bolton
Pitching: RHP Andy Cruz
Batting: RHB Zach Warwick 0-0: Ball
1-0: Called Strike
1-1: Ball
2-1: Called Strike
2-2: Foul Ball, location: 2F
2-2: Ground out 3-1 (Groundball, 34, EV 103.8 MPH)
Batting: LHB Jim Snell 0-0: DOUBLE (Groundball, 5L, EV 106.2 MPH)
Batting: LHB Mike Fernandez 0-0: Ball
1-0: Ground out 5-3 (Groundball, 56, EV 90.6 MPH)
Batting: RHB Simon Sultzbach 0-0: Ball
1-0: Called Strike
1-1: Reached on error, E4 (Groundball, 4, EV 100.0 MPH)
Jim Snell scores
Batting: LHB Alberto Aguilar 0-0: Ball
1-0: Ball
2-0: Foul Ball, location: 2F
2-1: Foul Ball, location: 2F
2-2: Ground out 3-1 (Groundball, 34S, EV 83.1 MPH)
Top of the 6th over - 1 run, 1 hit, 1 error, 1 left on base; California State University at Fullerton 2 - University of Virginia 3
BOTTOM OF THE 6TH
University of Virginia Cavaliers batting - Pitching for California State University at Fullerton Titans : RHP Jordan Vasquez
Batting: RHB Jason Lambert 0-0: Ball
1-0: Ball
2-0: Ground out 4-3 (Groundball, 4, EV 105.0 MPH)
Batting: LHB Josh Glass 0-0: Called Strike
0-1: Ground out 4-3 (Groundball, 4, EV 98.1 MPH)
Batting: SHB Tim Lloyd 0-0: Called Strike
0-1: Ball
1-1: Ball
2-1: Ball
3-1: Foul Ball, location: 2F
3-2: Base on Balls
Batting: RHB Allen McCaskill 0-0: Called Strike
0-1: Foul Ball, location: 2F
0-2: Ball
1-2: Foul Ball, location: 2F
1-2: Fielders Choice at 2nd, 5-4 (Groundball, 56, EV 98.1 MPH)
Bottom of the 6th over - 0 runs, 0 hits, 0 errors, 1 left on base; California State University at Fullerton 2 - University of Virginia 3
TOP OF THE 7TH
California State University at Fullerton Titans batting - Pitching for University of Virginia Cavaliers : RHP Andy Cruz
Pitching: LHP Cory Byler
Batting: RHB Justin Thomas 0-0: Swinging Strike
0-1: Swinging Strike
0-2: Foul Ball, location: 2F
0-2: Foul Ball, location: 2F
0-2: Strikes out swinging
Batting: LHB John Blumberg 0-0: Foul Ball, location: 2F
0-1: Ball
1-1: Called Strike
1-2: Ball
2-2: Foul Ball, location: 2F
2-2: Strikes out swinging
Batting: RHB Alex Freyre 0-0: Called Strike
0-1: Ball
1-1: Swinging Strike
1-2: Foul Ball, location: 2F
1-2: SINGLE (Groundball, 56D, EV 96.9 MPH)
Batting: LHB Edwin Esparza 0-0: Ball
1-0: Foul Ball, location: 2F
1-1: Called Strike
1-2: Ball
2-2: Foul Ball, location: 2F
2-2: Foul Ball, location: 2F
2-2: Foul Ball, location: 2F
2-2: Ground out 4-3 (Groundball, 4M, EV 102.5 MPH)
Top of the 7th over - 0 runs, 1 hit, 0 errors, 1 left on base; California State University at Fullerton 2 - University of Virginia 3
BOTTOM OF THE 7TH
University of Virginia Cavaliers batting - Pitching for California State University at Fullerton Titans : RHP Jordan Vasquez
Pitching: RHP Jorge Garza
Batting: SHB Ethan Lewis 0-0: Ball
1-0: Called Strike
1-1: Swinging Strike
1-2: Strikes out looking
Batting: RHB Luke Bertrand 0-0: Foul Ball, location: 2F
0-1: Ball
1-1: Fly out, F8 (Line Drive, 78M, EV 94.4 MPH)
Batting: RHB Jose Velez 0-0: Ball
1-0: Ball
2-0: Called Strike
2-1: Foul Ball, location: 2F
2-2: Ball
3-2: Foul Ball, location: 2F
3-2: Foul Ball, location: 2F
3-2: Foul Ball, location: 2F
3-2: Base on Balls
Batting: LHB Alex Aguilar 0-0: Ball
1-0: Ball
2-0: Foul Ball, location: 2F
2-1: DOUBLE (Groundball, 3L, EV 98.8 MPH)
Jose Velez to third
Batting: LHB Ray Nichter 0-0: Ball
1-0: Ball
2-0: Foul Ball, location: 2F
2-1: Foul Ball, location: 2F
2-2: Strikes out swinging
Bottom of the 7th over - 0 runs, 1 hit, 0 errors, 2 left on base; California State University at Fullerton 2 - University of Virginia 3
TOP OF THE 8TH
California State University at Fullerton Titans batting - Pitching for University of Virginia Cavaliers : LHP Cory Byler
Pitching: RHP Vince Connell
Batting: RHB Zach Warwick 0-0: Ball
1-0: Ball
2-0: Called Strike
2-1: Swinging Strike
2-2: Foul Ball, location: 2F
2-2: Fly out, F3 (Popup, 3SF, EV 78.1 MPH)
Batting: LHB Jim Snell 0-0: Ball
1-0: Ball
2-0: Ball
3-0: Base on Balls
Batting: LHB Mike Fernandez 0-0: Ball
1-0: Ball
2-0: Foul Ball, location: 2F
2-1: Ground out 6-3 (Groundball, 56, EV 83.1 MPH)
Jim Snell to second
Batting: RHB Simon Sultzbach 0-0: Ball
1-0: Called Strike
1-1: Ball
2-1: Ball
3-1: Called Strike
3-2: Strikes out looking
Top of the 8th over - 0 runs, 0 hits, 0 errors, 1 left on base; California State University at Fullerton 2 - University of Virginia 3
BOTTOM OF THE 8TH
University of Virginia Cavaliers batting - Pitching for California State University at Fullerton Titans : RHP Jorge Garza
Pitching: LHP Robert Rodriguez
Batting: RHB Jason Lambert 0-0: Ball
1-0: Ball
2-0: Ball
3-0: Base on Balls
Batting: LHB Josh Glass 0-0: Ball
1-0: Foul Ball, location: 2F
1-1: Ball
2-1: Foul Ball, location: 2F
2-2: Foul Ball, location: 2F
2-2: Foul Ball, location: 2F
2-2: Foul Ball, location: 2F
2-2: Ball
3-2: Fly out, F5 (Line Drive, 5, EV 75.0 MPH)
Batting: SHB Tim Lloyd 0-0: Ball
1-0: Ball
2-0: DOUBLE (Flyball, 8RXD, EV 102.5 MPH)
Jason Lambert to third
Batting: RHB Allen McCaskill 0-0: Intentional Walk
Batting: SHB Ethan Lewis 0-0: Ball
1-0: Called Strike
1-1: Swinging Strike
1-2: Strikes out swinging
Pitching: RHP Julio Moreno
Batting: RHB Luke Bertrand 0-0: Foul Ball, location: 2F
0-1: DOUBLE (Groundball, 5L, EV 101.9 MPH)
Jason Lambert scores
Tim Lloyd scores
Allen McCaskill to third
Batting: RHB Jose Velez 0-0: Swinging Strike
0-1: Ground out U3 (Groundball, 34, EV 106.9 MPH)
Bottom of the 8th over - 2 runs, 2 hits, 0 errors, 2 left on base; California State University at Fullerton 2 - University of Virginia 5
TOP OF THE 9TH
California State University at Fullerton Titans batting - Pitching for University of Virginia Cavaliers : RHP Vince Connell
Batting: LHB Alberto Aguilar 0-0: Fly out, F8 (Flyball, 8RD, EV 98.1 MPH)
Batting: RHB Justin Thomas 0-0: Called Strike
0-1: Fly out, F9 (Flyball, 9LS, EV 88.1 MPH)
Batting: LHB John Blumberg 0-0: Called Strike
0-1: Ball
1-1: Ball
2-1: Fly out, F9 (Flyball, 9D, EV 97.5 MPH)
Top of the 9th over - 0 runs, 0 hits, 0 errors, 0 left on base; California State University at Fullerton 2 - University of Virginia 5
Tuesday, March 28th , 2023 - OOTP Baseball 23.10 Build 110